 Dungeon Crawl Stone Soup version 0.22-a0-354-g30dfbe6 (webtiles) character file.

22 Amnesiac the Grave Robber (level 2, 0/16 HPs)
             Began as a Deep Elf Necromancer on Apr 16, 2018.
             Succumbed to an adder's poison
             ... on level 2 of the Dungeon.
             The game lasted 00:01:34 (1054 turns).

Amnesiac the Grave Robber (Deep Elf Necromancer)    Turns: 1054, Time: 00:01:35

Health: 0/16       AC:  2    Str:  5    XL:     2   Next: 68%
Magic:  6/8        EV: 13    Int: 19    God:
Gold:   108        SH:  0    Dex: 15    Spells: 7/8 levels left

rFire    . . .     SeeInvis .   e - +0 dagger (elec)
rCold    . . .     Gourm    .   (no shield)
rNeg     . . .     Faith    .   a - +0 robe
rPois    .         Spirit   .   (no helmet)
rElec    .         Reflect  .   (no cloak)
rCorr    .         Harm     .   (no gloves)
MR       .....                  (no boots)
Stlth    ++........             (no amulet)
HPRegen  0.05/turn              (no ring)
MPRegen  0.11/turn              (no ring)

@: lethally poisoned (0 -> -4)
A: no striking features
a: no special abilities


You were on level 2 of the Dungeon.
You were not hungry.

You visited 1 branch of the dungeon, and saw 2 of its levels.

You collected 108 gold pieces.

Inventory:

Hand Weapons
 e - a +0 dagger of electrocution (weapon)
Armour
 a - a +0 robe (worn)
Scrolls
 d - a scroll of immolation {!r, unknown}
 f - a scroll of teleportation {!r, unknown}
 h - a scroll of identify {!r, unknown}
Potions
 g - a potion of flight {!q, unknown}
 i - a potion of curing {!q, unknown}
Comestibles
 b - 2 chunks of flesh
 c - 3 rations


   Skills:
 * Level 1.4 Fighting
 - Level 2.4 Dodging
 - Level 2.4 Stealth
 + Level 3.5 Spellcasting
 - Level 5.0 Necromancy


You had 7 spell levels left.
You knew the following spells:

 Your Spells              Type           Power        Failure   Level  Hunger
a - Pain                  Necr           ###.         1%          1    None


Dungeon Overview and Level Annotations

Branches:
Dungeon (2/15)

Altars:


Message History

You kill the bat!
You see here a bat corpse.
The helpless kobold fails to defend itself.
You puncture the kobold! Lightning courses through the kobold!
You kill the kobold!
No target in view!
No target in view!
No target in view!
Things that are here:
a club; a kobold corpse No target in view!
You butcher the bat corpse.
b - 2 chunks of flesh (gained 1)
You now have 92 gold pieces (gained 12).
You see here 17 stones.
You now have 108 gold pieces (gained 16).
You open the door. 2 rats come into view.
An adder comes into view.
The adder hisses angrily.
There is an open door here.
There are monsters nearby!
The helpless rat fails to defend itself.
You puncture the rat! Lightning courses through the rat!
You kill the rat!
There are monsters nearby!
You barely miss the adder. The adder barely misses you.
You barely miss the adder. The adder barely misses you.
There is an open door here.
The adder bites you.
You are poisoned.
The adder poisons you!
You feel sick.
You hit the adder.
The adder is lightly wounded.
The adder barely misses you.
You hit the adder but do no damage.
The adder is lightly wounded.
The adder bites you. The adder closely misses you.
You hit the adder but do no damage.
The adder is lightly wounded.
You feel sick. The adder closely misses you.
You barely miss the adder.
The adder is lightly wounded.
The adder closely misses you.
You miss the adder.
The adder is lightly wounded.
The adder bites you.
* * * LOW HITPOINT WARNING * * *
The adder barely misses you.
Casting: Pain (safe; 1% risk of failure)
Confirm with . or Enter, or press ? or * to list all spells.
Aiming: Pain (safe; 1% risk of failure)
Press: ? - help, Shift-Dir - straight line, f - adder
Aim: an adder (lightly wounded, chance to defeat MR: 87%)
The adder writhes in agony!
The adder bites you.
* * * LOW HITPOINT WARNING * * *
Casting: Pain (safe; 1% risk of failure)
Confirm with . or Enter, or press ? or * to list all spells.
Aiming: Pain (safe; 1% risk of failure)
Press: ? - help, Shift-Dir - straight line, f/p - adder
Aim: an adder (heavily wounded, chance to defeat MR: 87%)
The adder writhes in agony!
You die...

######.#.####......#.#.#
####.............####.#.#.#
........#.#................
........#.#.#.##.#....(...#
........#.#.#....#........#
........#.#.####.#....#...#
........#.................#
........###.####.####.#.###
........rS@.....(..........
........###.####.####.#####
######### #.# #.#.........
#.# #.#....##### #.#
#.#..#.# #.# #.#.)#.# #.#
#.#..#.# #.# #.#..#.# #..
..[..#.#


You could see an adder and a rat.

Vanquished Creatures
  A giant cockroach (D:1)
  6 goblins (D:1)
  3 hobgoblins (D:1)
  5 bats
  2 frilled lizards (D:1)
  3 kobolds
  3 rats
23 creatures vanquished.

Notes
Turn   | Place    | Note
-------+----------+-------------------------------------------
     0 | D:1      | Amnesiac the Deep Elf Necromancer began the quest for the Orb.
     0 | D:1      | Reached XP level 1. HP: 10/10 MP: 6/6
   283 | D:1      | Reached XP level 2. HP: 6/16 MP: 2/8
   291 | D:1      | Reached skill level 5 in Necromancy
   534 | D:1      | Reached skill level 1 in Fighting
  1054 | D:2      | Succumbed to an adder's poison

Vault maps used:
D:1:      onia_arrival_pentagram, minmay_pentomino_z2
D:2:      first_ration

Skill      XL: |  1  2 |
---------------+-------+-----
Necromancy     | 5 |  5.0
Fighting       | 1 |  1.4
Dodging        | |  2.4
Stealth        | |  2.4
Spellcasting   | |  3.5

Action                   || total
-------------------------++-------
Melee: Dagger            ||    23
 Cast: Pain              ||    28
 Stab: Sleeping          ||     5
Armor: Robe              ||     6
Dodge: Dodged            ||    15

Table legend:
 A = Spawn XP
 B = Non-spawn XP
 C = Spawn XP percentage of total XP
 D = Spawn monster count
 E = Non-spawn monster count
 F = Spawn count percentage of total count
 G = Total turns spent on level
                    A         B        C        D         E        F      G
               +---------+---------+-------+---------+---------+-------+---------
         Total |       0 |      32 |   0.0 |       0 |      23 |   0.0 |  1054
               +---------+---------+-------+---------+---------+-------+---------
           D:1 |       0 |      29 |   0.0 |       0 |      20 |   0.0 |   988
           D:2 |       0 |       3 |   0.0 |       0 |       3 |   0.0 |    66
               +---------+---------+-------+---------+---------+-------+---------
